 Dungeon Crawl Stone Soup version 0.30.1-9-gdf580d7c3d (webtiles) character file.

Game seed: 18023120512808284298

105 coolio the Trooper (level 4, 0/37 HPs)
             Began as a Demonspawn Fighter on Oct 6, 2023.
             Slain by a jelly (2 damage)
             ... on level 5 of the Dungeon.
             The game lasted 00:02:13 (2092 turns).

coolio the Trooper (Demonspawn Fighter)             Turns: 2092, Time: 00:02:13

Health: 0/37       AC:  5    Str: 18    XL:     4   Next: 53%
Magic:  4/4        EV:  5    Int: 10    God:
Gold:   123        SH:  0    Dex: 12    Spells: 3/3 levels left

rFire   . . .        a - +0 war axe
rCold   . . .        (no shield)
rNeg    . . .        k - +0 plate armour
rPois   .            (no helmet)
rElec   .            b - +0 cloak
rCorr   .            m - +0 pair of gloves
SInv    .            (no boots)
Will    .....        (no amulet) Stlth
                     (no ring)
HPRegen 0.26/turn    (no ring)
MPRegen 0.09/turn

%: no passive effects
@: lethally poisoned (0 -> -1), corroded
A: powered by pain 1, demonic touch 1
a: no special abilities


You were on level 5 of the Dungeon.
You visited 1 branch of the dungeon, and saw 4 of its levels.

You collected 123 gold pieces.

Inventory:

Hand Weapons
 a - a +0 war axe (weapon)
Missiles
 c - a throwing net (quivered)
Armour
 b - a +0 cloak (worn)
 k - a +0 plate armour (worn)
 m - a +0 pair of gloves (worn)
Jewellery
 i - a +6 ring of strength
Scrolls
 e - 2 scrolls of teleportation {unknown}
 g - a scroll of blinking {unknown}
 h - 2 scrolls of fear {unknown}
 j - a scroll of brand weapon {unknown}
 l - a scroll of enchant armour {unknown}
 o - a scroll of immolation {unknown}
 p - a scroll of torment {unknown}
 q - a scroll of identify {unknown}
 r - 2 scrolls of poison {unknown}
Potions
 d - a potion of might
 f - 3 potions of heal wounds {unknown}
 n - a potion of attraction {unknown}
 s - a potion of lignification {unknown}
 t - a potion of curing {unknown}


   Skills:
 + Level 3.7 Fighting
 * Level 3.3 Axes
 + Level 3.3 Armour
 - Level 2.6 Shields


You had 3 spell levels left.
You didn't know any spells.
Your spell library was empty.

Dungeon Overview and Level Annotations

Branches:
Dungeon (3/15)

Altars:
Qazlal
Trog


Innate Abilities, Weirdness & Mutations

You sometimes gain a little power by taking damage.
Your touch may inflict minor irresistible damage on your foes.


Message History

You kill the gnoll!
You feel sick.
You barely miss the jelly.
You feel sick.
The jelly hits you but does no damage. x2
You hit the jelly. The acid corrodes you!
Your hands burn!
The jelly is lightly wounded.
You feel sick. The jelly hits you but does no damage.
You hit the jelly.
Your hands burn!
The jelly is heavily wounded.
You feel sick. The jelly hits you but does no damage.
You are too injured to fight recklessly!
You are too injured to fight recklessly!
You are too injured to fight recklessly!
You are too injured to fight recklessly!
You are too injured to fight recklessly!
You are too injured to fight recklessly!
You are too injured to fight recklessly!
You are too injured to fight recklessly!
You are too injured to fight recklessly!
You are too injured to fight recklessly!
You are too injured to fight recklessly!
You are too injured to fight recklessly!
You are too injured to fight recklessly!
You are too injured to fight recklessly!
You are too injured to fight recklessly!
You are too injured to fight recklessly!
You are too injured to fight recklessly!
You are too injured to fight recklessly!
You are too injured to fight recklessly!
You are too injured to fight recklessly!
You are too injured to fight recklessly!
You hit the jelly. The acid corrodes you!
Your hands burn!
The jelly is heavily wounded.
You feel sick. The jelly hits you.
* * * LOW HITPOINT WARNING * * *
The acid corrodes you!
You are splashed with acid!
* * * LOW HITPOINT WARNING * * *
A gnoll comes into view. It is wielding a +0 whip.
The jelly hits you.
You die...

.......# .#. .......##
... ......[.# #.#
........## #.#
.........# #.#
.........## #.#
..........####.##
............#...#####...
..........#...#.@J....#.
#........####...#####g..
####....## ##.## ######
#..# #... ..... .......
... ...


You could see a jelly and a gnoll (wandering).

Vanquished Creatures
  A gnoll (D:5)
  4 adders
  A worm (D:3)
  4 orcs (D:3)
  2 bats
  5 endoplasms
  4 giant cockroaches
  5 goblins
  4 hobgoblins
  4 jackals
  A quokka (D:3)
  5 ball pythons
  4 kobolds
  7 rats
51 creatures vanquished.

Notes
Turn   | Place    | Note
-------+----------+-------------------------------------------
     0 | D:1      | coolio the Demonspawn Fighter began the quest for the Orb.
     0 | D:1      | Reached XP level 1. HP: 18/18 MP: 1/1
   407 | D:1      | Gained mutation: Your touch may inflict minor irresistible
                  | damage on your foes. [demonic ancestry]
   407 | D:1      | Reached XP level 2. HP: 24/24 MP: 2/2
   993 | D:2      | Gained mutation: You sometimes gain a little power by
                  | taking damage. [demonic ancestry]
   993 | D:2      | Reached XP level 3. HP: 27/29 MP: 3/3
  1662 | D:3      | Reached XP level 4. HP: 35/35 MP: 4/4
  1766 | D:3      | Found a stormy altar of Qazlal.
  1889 | D:3      | Noticed a moth of wrath
  1891 | D:3      | Found a bloodstained altar of Trog.
  2074 | D:3      | You fall into a shaft and drop 2 floors!
  2074 | D:5      | Entered Level 5 of the Dungeon
  2092 | D:5      | Slain by a jelly

Illustrated notes

Levels and vault maps discovered:
D:1:      dpeg_cavernosity, layout_basic, minmay_misc_feat_columns,
          serial_bayou_pond_a, minmay_3d_cube
D:2:      layout_loops_ring
D:3:      layout_basic, tgw_trog, zin_academy, nicolae_qazlal_general_emergency,
          minivault_23, dreamdust_princess_bridge
D:5:      layout_cave_pods, mainiacjoe_overflow_brackets,
          nicolae_overflow_squiral, minmay_misc_feat_tower, st_stairs_11,
          uniq_grinder, uniq_blork_the_orc, uniq_edmund

Skill      XL: |  1  2  3 |
---------------+----------+-----
Axes           | 2 3 |  3.3
Armour         | 3 |  3.3
Fighting       | |  3.7
Shields        | |  2.6

Action                     |  1- 3 |  4- 6 || total
---------------------------+-------+-------++-------
  Melee: War axe           |    61 |    48 ||   109
         Touch             |     7 |     5 ||    12
 Armour: Scale mail        |    13 |       ||    13
         Plate armour      |    29 |    44 ||    73
  Dodge: Dodged            |    20 |    14 ||    34
